 Dungeon Crawl Stone Soup version 0.31.0-4-g52a2dc7128 (webtiles) character file.

Game seed: 4971047537390834492

1278 gelatine the Magician (level 8, 0/40 HPs)
             Began as a Spriggan Alchemist on Jan 21, 2024.
             Succumbed to a water moccasin's poison
             ... on level 7 of the Dungeon.
             The game lasted 00:20:34 (7491 turns).

gelatine the Magician (Spriggan Alchemist)          Turns: 7491, Time: 00:20:34

Health: 0/40       AC:  2    Str:  4    XL:     8   Next: 29%
Magic:  13/18      EV: 18    Int: 19    God:
Gold:   193        SH:  0    Dex: 15    Spells: 8/19 levels left

rFire   . . .        v - +0 sling (freeze)
rCold   . . .        (no shield)
rNeg    . . .        a - +0 robe
rPois   .            (helmet restricted)
rElec   .            (no cloak)
rCorr   .            (gloves unavailable)
SInv    +            (boots unavailable)
Will    +....        (no amulet)
Stlth   +++          (no ring)
HPRegen 0.26/turn    (no ring)
MPRegen 0.16/turn

%: no passive effects
@: lethally poisoned (0 -> -15), very quick
A: very small, no large weapons, unfitting armour, see invisible, speed 3
a: no special abilities


You were on level 7 of the Dungeon.
You visited 2 branches of the dungeon, and saw 8 of its levels.

You collected 193 gold pieces.

Inventory:

Hand Weapons
 q - a +2 short sword of speed
 v - a +0 sling of freezing (weapon)
Missiles
 s - a throwing net
Armour
 a - a +0 robe (worn)
Wands
 f - a wand of flame (12)
 y - a wand of mindburst (9)
 C - a wand of paralysis (11)
 D - a wand of roots (6)
Scrolls
 c - 2 scrolls of teleportation
 d - 4 scrolls of acquirement
 h - 2 scrolls of butterflies {unknown}
 j - 2 scrolls of fog {unknown}
 k - 2 scrolls of identify
 m - 2 scrolls of vulnerability {unknown}
 n - a scroll of noise {unknown}
 p - a scroll of amnesia {unknown}
 r - 2 scrolls of immolation {unknown}
 t - 2 scrolls of enchant weapon {unknown}
 x - 2 scrolls of revelation {unknown}
 A - 2 scrolls of fear {unknown}
 B - a scroll of blinking {unknown}
 E - a scroll of enchant armour {unknown}
Potions
 b - a potion of magic
 e - a potion of berserk rage
 g - 3 potions of heal wounds
 i - a potion of haste
 l - 5 potions of curing
 o - 5 potions of mutation {unknown}
 u - 2 potions of enlightenment {unknown}
 w - a potion of resistance {unknown}
 z - a potion of might {unknown}


   Skills:
 * Level 3.1 Fighting
 * Level 4.1 Short Blades
 + Level 1.4 Ranged Weapons
 + Level 3.4 Dodging
 + Level 4.2 Stealth
 + Level 6.1 Spellcasting
 + Level 2.6 Conjurations
 + Level 0.7 Air Magic
 + Level 0.2 Earth Magic
 + Level 5.6 Alchemy
 + Level 2.1 Evocations


You had 8 spell levels left.
You knew the following spells:

 Your Spells              Type           Power      Damage    Failure   Level
a - Sting                 Conj/Alch      84%        1d8       1%          1
b - Mercury Vapours       Alch/Air       34%        N/A       4%          2
c - Mephitic Cloud        Conj/Alch/Air  17%        N/A       10%         3
d - Olgreb's Toxic Radia  Alch           27%        N/A       11%         4
e - Sandblast             Erth           12%        2d6       11%         1

Your spell library contained the following spells:

 Spells                   Type           Power      Damage    Failure   Level
 Static Discharge         Conj/Air       24%        3-4/arc   9%          2
 Call Canine Familiar     Summ           5%         N/A       32%         3
 Gell's Gravitas          Tloc           5%         N/A       32%         3
 Sigil of Binding         Hex            5%         N/A       32%         3
 Teleport Other           Tloc           5%         N/A       32%         3
 Leda's Liquefaction      Alch/Erth      8%         N/A       32%         4
 Sticky Flame             Fire/Alch      16%        2d5       34%         4
 Brom's Barrelling Bould  Conj/Erth      11%        2d3       52%         4
 Airstrike                Air            4%         2d(1-17)  63%         4
 Summon Lightning Spire   Summ/Air       7%         N/A       67%         4
 Animate Dead             Necr           5%         N/A       73%         4
 Dimensional Bullseye     Hex/Tloc       2%         N/A       73%         4
 Freezing Cloud           Conj/Ice/Air   5%         6-21      89%         5
 Dispersal                Tloc           2%         N/A       100%        6
 Haunt                    Necr/Summ      2%         N/A       100%        7
 Infestation              Necr           2%         N/A       100%        8
 Shatter                  Erth           3%         3d7*      100%        9


Dungeon Overview and Level Annotations

Branches:
Dungeon (7/15)             Temple (1/1) D:5

Altars:
Ashenzari
Cheibriados
Dithmenos
Elyvilon
Fedhas
Gozag
Hepliaklqana
Kikubaaqudgha
Makhleb
Nemelex Xobeh
Okawaru
Qazlal
Ru
Sif Muna
Trog
Uskayaw
Vehumet
Wu Jian
Yredelemnul
Zin
The Shining One

Shops:
D:7 !

Annotations:
Temple 4 transporters


Innate Abilities, Weirdness & Mutations

You are very small and have problems with some larger weapons.
You are too small for most types of armour.
You have supernaturally acute eyesight. (SInv)
You cover ground extremely quickly. (Speed+++)


Message History

Confirm with . or Enter, or press ? or * to list all spells.
Aiming: Sting (safe; 1% risk of failure)
Press: ? - help, Shift-Dir - straight line, f/p - water moccasin
Aim: a water moccasin (60% to hit)
The sting hits the water moccasin.
The water moccasin partially resists.
The water moccasin is poisoned.
The water moccasin is lightly wounded.
The water moccasin barely misses you.
You shoot a sling bullet.
The sling bullet hits the water moccasin but does no damage.
The water moccasin is lightly wounded.
The water moccasin bites you.
You are poisoned.
The water moccasin poisons you! The water moccasin closely misses you.
You shoot a sling bullet.
The sling bullet barely misses the water moccasin.
You feel very sick. The water moccasin misses you.
The water moccasin bites you.
You shoot a sling bullet.
The sling bullet misses the water moccasin.
You feel very sick. The water moccasin closely misses you.
The water moccasin bites you.
You are too injured to fight recklessly!
You feel sick.
The water moccasin attacks as it pursues you!
The water moccasin bites you.
You feel sick.
The water moccasin looks more healthy.
You feel sick.
You feel sick.
You feel sick.
You are too injured to fight recklessly!
You feel sick.
You open the door.
You feel sick.
You feel sick.
You are no longer poisoned.
The water moccasin bites you.
* * * LOW HITPOINT WARNING * * *
You are lethally poisoned!
The water moccasin poisons you!
You die...

.# .# . .# .. ###
.# ... o#
..##.##.#.. o#
#######..........
.######
#.....#.#........
).....#
##.....#.#<.##.##
))....#
#'.S.@............
......#
##.....#.#........
#......#
#.....#.#..##....
.......#
#..........# #..
#......#
#........... .
#######
#######.##.## #.#
.# ... ..


You could see a water moccasin.

Vanquished Creatures
  Menkaure (D:5)
  A black bear (D:7)
  2 ice beasts
  A centaur (D:6)
  A scorpion (D:6)
  A bullfrog (D:6)
  3 wights
  2 jellies
  An orc priest (D:6)
  2 sleepcaps
  4 iguanas
  2 orc wizards
  7 adders
  4 gnolls (D:3)
  2 white imps (D:6)
  2 ufetubi (D:7)
  2 dart slugs
  2 ribbon worms
  14 orcs
  4 bats (D:2)
  3 endoplasms
  2 giant cockroaches
  10 goblins
  7 hobgoblins
  4 jackals (D:3)
  5 kobolds
  4 quokkas
  11 ball pythons
  4 frilled lizards
  3 rats
111 creatures vanquished.

Notes
Turn   | Place    | Note
-------+----------+-------------------------------------------
     0 | D:1      | gelatine the Spriggan Alchemist began the quest for the
                  | Orb.
     0 | D:1      | Reached XP level 1. HP: 9/9 MP: 5/5
   295 | D:1      | Reached XP level 2. HP: 13/13 MP: 3/6
   421 | D:1      | Reached skill level 3 in Spellcasting
   936 | D:1      | Found a faded altar of an unknown god.
  1366 | D:2      | Reached XP level 3. HP: 13/16 MP: 6/8
  1855 | D:2      | Reached skill level 1 in Conjurations
  1939 | D:2      | Reached skill level 1 in Fighting
  2186 | D:3      | Got Sif Muna's Discursus on the Syncline
  2232 | D:3      | Reached XP level 4. HP: 22/22 MP: 7/10
  2505 | D:3      | Learned a level 2 spell: Mercury Vapours
  2598 | D:3      | Found a hazy altar of Hepliaklqana.
  2779 | D:3      | Reached XP level 5. HP: 21/25 MP: 3/11
  3205 | D:3      | Reached skill level 4 in Spellcasting
  3267 | D:3      | Learned a level 3 spell: Mephitic Cloud
  3272 | D:3      | Learned a level 4 spell: Olgreb's Toxic Radiance
  4002 | D:4      | Found a hide-covered altar of Uskayaw.
  4390 | D:5      | Entered Level 5 of the Dungeon
  4449 | D:5      | Reached skill level 1 in Short Blades
  4730 | D:5      | Found a staircase to the Ecumenical Temple.
  4844 | Temple   | Found a transporter.
  4844 | Temple   | Found a transporter.
  4844 | Temple   | Found a transporter.
  4844 | Temple   | Found a transporter.
  4844 | Temple   | Entered the Ecumenical Temple
  5127 | D:5      | Noticed an ice beast
  5140 | D:5      | Killed an ice beast
  5141 | D:5      | Reached XP level 6. HP: 30/30 MP: 12/14
  5238 | D:5      | Noticed Menkaure
  5259 | D:5      | Killed Menkaure
  5260 | D:5      | Reached skill level 5 in Spellcasting
  5260 | D:5      | Reached skill level 1 in Evocations
  5387 | D:5      | Reached XP level 7. HP: 35/35 MP: 10/15
  6024 | D:6      | Reached skill level 5 in Alchemy
  6184 | D:6      | Identified 3 scrolls of acquirement
  6845 | D:7      | Reached XP level 8. HP: 39/39 MP: 11/17
  6984 | D:7      | Found Hesteck's Distillery.
  7024 | D:7      | Reached skill level 1 in Ranged Weapons
  7024 | D:7      | Reached skill level 6 in Spellcasting
  7120 | D:7      | Learned a level 1 spell: Sandblast
  7491 | D:7      | Succumbed to a water moccasin's poison

Illustrated notes

Levels and vault maps discovered:
D:1:      lemuel_arrival_broad_hall, layout_loops_corners,
          shapermc_ecumenical_altar_totnotflames
D:2:      layout_rooms
D:3:      layout_loops_ring, nicolae_hepliaklqana_hazy_memory
D:4:      nicolae_cairo_tiling_large, layout_loops_ring,
          nicolae_uskayaw_murder_on_the_dancefloor, serial_rivers,
          chequers_serial_rivers_small_3, chequers_serial_rivers_small_3,
          chequers_serial_rivers_marsh, chequers_serial_rivers_room_b,
          chequers_serial_rivers_large_a, kennysheep_generic_room_15
D:5:      layout_loops_corners, minmay_temple_entry_glass, uniq_menkaure
D:6:      layout_rooms, chequers_garden, minmay_splitting_lines,
          dk_noncrumbling_2
D:7:      layout_basic, mainiacjoe_overflow_cross_hatched, serial_shops, shop
Temple:   hellmonk_temple_divided_pantheon

Skill      XL: |  1  2  3  4  5  6  7  8 |
---------------+-------------------------+-----
Spellcasting   | 3 4 5 6 |  6.1
Dodging        | 3 |  3.4
Alchemy        | 4 5 |  5.6
Conjurations   | 1 2 |  2.6
Fighting       | 1 2 3 |  3.1
Short Blades   | 2 3 4 |  4.1
Evocations     | 1 2 |  2.1
Stealth        | 4 |  4.2
Ranged Weapons | 1 |  1.4
Air Magic      | |  0.7
Earth Magic    | |  0.2

Action                     |  1- 3 |  4- 6 |  7- 9 || total
---------------------------+-------+-------+-------++-------
  Melee: Short sword       |     6 |    30 |     8 ||    44
         Dagger            |     1 |       |       ||     1
   Fire: Sling             |       |       |    52 ||    52
   Cast: Sting             |    82 |    82 |    68 ||   232
         Mercury Vapours   |       |     5 |     1 ||     6
         Mephitic Cloud    |       |       |     4 ||     4
         Olgreb's Toxic Ra |       |       |     2 ||     2
         Sandblast         |       |       |    10 ||    10
  Evoke: Wand              |       |     7 |     3 ||    10
    Use: Scroll            |       |       |     5 ||     5
   Stab: Sleeping          |       |     2 |     1 ||     3
 Armour: Robe              |     8 |    15 |    23 ||    46
  Dodge: Dodged            |    19 |    19 |    41 ||    79
